 Dungeon Crawl Stone Soup version 0.29.1-15-g9cfb28693d (webtiles) character file.

Game seed: 15433337960981507019

168 Eitelfritz the Firebug (level 5, -2/48 (54) HPs)
             Began as a Demonspawn Fire Elementalist on Mar 10, 2023.
             Slain by a kobold
             ... wielding a +0 rapier of distortion
              (4 damage)
             ... on level 3 of the Dungeon.
             The game lasted 00:10:16 (3835 turns).

Eitelfritz the Firebug (DsFE)                       Turns: 3835, Time: 00:10:16

HP:   -2/48 (54)    AC: 22    Str:  8    XL:     5   Next: 23%
MP:   3/9           EV:  2    Int: 19    God:
Gold: 228           SH:  0    Dex: 13    Spells: 1/10 levels left

rFire   + + .      SeeInvis .   a - +0 spear
rCold   . . .      Faith    .   (no shield)
rNeg    . . .      Spirit   .   (body armour currently unavailable)
rPois   +          Reflect  .   (helmet currently unavailable)
rElec   +          Harm     .   (cloak currently unavailable)
rCorr   +          Rampage  .   (gloves currently unavailable)
Will    .....      NoTele   +   (boots currently unavailable)
Stlth   ++........              (no amulet)
HPRegen 0.16/turn               e - ring of fire
MPRegen 0.11/turn               (no ring)

@: lethally poisoned (-2 -> -4), tree-form, resistant, very slightly
contaminated, slowed, heavily drained, very slow
A: stationary, stasis, torment immunity, boosted hp, repulsion field 1, ignite
blood 1, (weakness stinger 1)
a: no special abilities


You were on level 3 of the Dungeon.
You were a tree.
You visited 1 branch of the dungeon, and saw 4 of its levels.

You collected 228 gold pieces.

Inventory:

Hand Weapons
 a - a +0 spear (weapon)
 f - a +0 dagger
Armour
 g - a +0 pair of gloves (melded)
 h - a +2 helmet (melded)
 j - a +0 robe (melded)
 v - a +0 buckler
Jewellery
 e - a ring of fire (left branch)
Wands
 w - a wand of flame (19)
Scrolls
 c - 3 scrolls of immolation
 n - 2 scrolls of teleportation {unknown}
 o - a scroll of fog {unknown}
 p - a scroll of fear {unknown}
 s - a scroll of vulnerability {unknown}
 t - a scroll of torment {unknown}
 u - a scroll of magic mapping {unknown}
 y - a scroll of blinking {unknown}
Potions
 b - a potion of magic
 k - a potion of brilliance
 m - a potion of mutation
 x - a potion of flight {unknown}
 z - a potion of curing {unknown}
 A - a potion of invisibility {unknown}
 B - a potion of haste {unknown}


   Skills:
 + Level 0.6 Fighting
 + Level 0.7 Polearms
 + Level 2.3 Dodging
 + Level 2.5 Stealth
 + Level 3.2 Spellcasting
 + Level 1.6 Conjurations
 + Level 3.5 Fire Magic


You had one spell level left.
You knew the following spells:

 Your Spells              Type           Power      Damage    Failure   Level
a - Foxfire               Conj/Fire      76%        2x1d7     4%          1
b - Scorch                Fire           48%        2d7       5%          2
c - Conjure Flame         Conj/Fire      19%        6-21      16%         3
d - Inner Flame           Hex/Fire       14%        N/A       22%         3

Your spell library contained the following spells:

 Spells                   Type           Power      Damage    Failure   Level
 Flame Wave               Conj/Fire      19%        2d7       45%         4
 Animate Armour           Summ/Erth      6%         N/A       83%         4
 Blade Hands              Tmut           1%         N/A       99%         5
 Iron Shot                Conj/Erth      3%         9d2       100%        6


Dungeon Overview and Level Annotations

Branches:
Dungeon (4/15)
 Temple: D:4-7

Altars:
Makhleb
Yredelemnul

Annotations:
D:3 ababab's ghost, amateur FeEn


Innate Abilities, Weirdness & Mutations

You are a tree.
Your roots penetrate the ground, keeping you stationary.
You cannot be teleported.
You are immune to unholy pain and torment.
Your maximum health is greatly increased.
Your equipment is partially melded.
You are surrounded by a mild repulsion field. (EV +2)
Your demonic aura sometimes causes spilled blood to erupt in flames.
((You have a small tail.))


Message History

It was a potion of lignification.
You turn into a tree.
Your +2 helmet melds into your body.
Your +0 pair of gloves melds into your body.
Your +0 robe melds into your body.
Your roots penetrate the ground.
* * * LOW HITPOINT WARNING * * *
You feel very sick.
The kobold brigand throws a curare-tipped dart.
The curare-tipped dart hits you. The kobold hits you but does no damage.
It was a potion of heal wounds.
You feel much better.
You feel very sick.
Unknown command.
Casting: Foxfire (safe; 5% risk of failure)
Confirm with . or Enter, or press ? or * to list all spells.
You feel a surge of power!
You miscast Scorch.
You are very lightly contaminated with residual magic.
Nothing appears to happen.
You feel very sick. The kobold hits you but does no damage.
The kobold brigand hits you with a +2 short sword of draining.
You feel drained.
Casting: Scorch (safe; 5% risk of failure)
Confirm with . or Enter, or press ? or * to list all spells.
You feel a surge of power!
Flames lash the kobold.
You kill the kobold!
You feel sick.
The kobold brigand hits you but does no damage.
You feel drained. The kobold hits you but does no damage.
Space warps horribly around you!
* * * LOW HITPOINT WARNING * * *
Casting: Scorch (safe; 5% risk of failure)
Confirm with . or Enter, or press ? or * to list all spells.
You feel a surge of power!
Flames lash ababab's ghost.
Ababab's ghost is heavily damaged.
Ababab's ghost's fire resistance burns away.
* * * LOW HITPOINT WARNING * * *
You feel sick.
The kobold brigand hits you but does no damage.
You feel drained. The kobold hits you but does no damage.
Space warps around you.
You die...

######## #####KWKK♣.#
####### #[....KKK).##
#.....# #.##'''##...#####
#.###.# ###...)K###.....#
#.# #.# #..#.#..###.##.#
#.# #.#
#8.#.#.8###.##.####.# #.#
#######..#.#..#....#......#
#.#
#.....##.....####.#########
#.#
#..>...##.$$#####.........#
#..


You could see a kobold brigand, ababab's ghost (combustible) and 6 kobolds.

Vanquished Creatures
  An iguana (D:4)
  An orc wizard (D:3)
  2 adders
  An ufetubus (D:4)
  2 worms
  2 dart slugs
  8 orcs
  5 ball pythons
  5 bats
  5 endoplasms
  4 giant cockroaches
  5 hobgoblins
  3 jackals (D:4)
  4 quokkas
  5 frilled lizards
  9 goblins
  4 kobolds
  8 rats
74 creatures vanquished.

Vanquished Creatures (collateral kills)
  A kobold (D:3)
1 creature vanquished.

Vanquished Creatures (others)
  155 foxfires
  A fungus (D:3)
  3 plants (D:3)
159 creatures vanquished.

Grand Total: 234 creatures vanquished

Notes
Turn   | Place    | Note
-------+----------+-------------------------------------------
     0 | D:1      | Eitelfritz the Demonspawn Fire Elementalist began the quest
                  | for the Orb.
     0 | D:1      | Reached XP level 1. HP: 13/13 MP: 3/3
   305 | D:1      | Gained mutation: You are surrounded by a mild repulsion
                  | field. (EV +2) [demonic ancestry]
   305 | D:1      | Reached XP level 2. HP: 19/19 MP: 1/5
   316 | D:1      | Learned a level 2 spell: Scorch
  1236 | D:2      | Reached XP level 3. HP: 20/24 MP: 4/6
  1243 | D:2      | Learned a level 3 spell: Conjure Flame
  2231 | D:3      | You fall into a shaft and drop 1 floor!
  2400 | D:4      | Gained mutation: You have a small tail. [demonic ancestry]
  2400 | D:4      | Reached XP level 4. HP: 31/31 MP: 1/8
  2555 | D:4      | Found a burning altar of Makhleb.
  2846 | D:3      | Gained mutation: Your demonic aura sometimes causes spilled
                  | blood to erupt in flames. [demonic ancestry]
  2846 | D:3      | Reached XP level 5. HP: 33/36 MP: 4/9
  3209 | D:3      | Learned a level 3 spell: Inner Flame
  3221 | D:3      | Found a basalt altar of Yredelemnul.
  3409 | D:3      | Found a runed translucent gate.
  3409 | D:3      | Found a runed translucent gate.
  3414 | D:3      | Found a runed translucent gate.
  3417 | D:3      | Noticed ababab's ghost (amateur FeEn)
  3835 | D:3      | HP: 2/49 [poisoned by a kobold brigand (curare-tipped
                  | dart)]
  3835 | D:3      | Slain by a kobold

Illustrated notes

Levels and vault maps discovered:
D:1:      mrwooster_arrival_statue_3, layout_basic, minivault_23,
          minmay_tetromino_l4
D:2:      layout_basic
D:3:      layout_basic, mainiacjoe_overflow_24_doors,
          gammafunk_ghost_nasty_kobolds
D:4:      layout_rooms, lemuel_round_altar, kennysheep_decorative_pillar,
          kennysheep_generic_room_14

Skill      XL: |  1  2  3  4 |
---------------+-------------+-----
Fire Magic     | 3 |  3.5
Stealth        | 2 |  2.5
Dodging        | 2 |  2.3
Spellcasting   | 3 |  3.2
Fighting       | |  0.6
Polearms       | |  0.7
Conjurations   | |  1.6

Action                   |  1- 3 |  4- 6 || total
-------------------------+-------+-------++-------
Melee: Spear             |    23 |     9 ||    32
       Tailslap          |       |     5 ||     5
 Cast: Foxfire           |    62 |    30 ||    92
       Scorch            |     1 |     6 ||     7
  Use: Scroll            |       |     5 ||     5
       Potion            |       |     3 ||     3
 Stab: Sleeping          |     3 |     2 ||     5
Armor: Robe              |    26 |     3 ||    29
       Skin              |       |     6 ||     6
Dodge: Dodged            |    71 |    15 ||    86
